 Seeded DCSS version 0.31-a0-1074-g0b22e4e0f1 (webtiles) character file.

Game seed: 4942182950526440526 (custom seed)

2217 voltaire321 the Magician (level 9, -10/51 HPs)
             Began as a Deep Elf Earth Elementalist on Nov 27, 2023.
             Was a Follower of Vehumet.
             Mangled by an orc warrior
             ... wielding a +0 glaive
              (16 damage)
             ... in a bailey.
             The game lasted 00:18:49 (6065 turns).

voltaire321 the Magician (DEEE)                     Turns: 6065, Time: 00:18:50

Health: -10/51     AC:  6    Str:  7    XL:     9   Next: 13%
Magic:  13/21      EV: 14    Int: 23    God:    Vehumet [*.....]
Gold:   226        SH:  0    Dex: 15    Spells: 9/21 levels left

rFire   + . .        e - +3 whip (freeze)
rCold   . . .        (no shield)
rNeg    . . .        u - +0 leather armour {rPois}
rPois   +            (no helmet)
rElec   .            t - scarf {repulsion}
rCorr   .            m - +0 pair of gloves
SInv    .            h - +1 pair of boots of Decompression {rF+}
Will    .....        f - amulet of magic regeneration
Stlth   +++          s - ring of wizardry
HPRegen 0.28/turn    (no ring)
MPRegen 0.57/turn

%: repel missiles, wizardry (x1)
@: no status effects
A: no striking features
a: Renounce Religion


You were in a bailey.
You worshipped Vehumet.
Vehumet was aware of your devotion.
You visited 2 branches of the dungeon, and saw 8 of its levels.
You also visited: Bailey.

You collected 226 gold pieces.

Inventory:

Hand Weapons
 e - a +3 whip of freezing (weapon)
 l - a +2 dagger of protection
Missiles
 z - 2 throwing nets
Armour
 h - the +1 pair of boots of Decompression (worn) {rF+}
   (You acquired it on level 6 of the Dungeon)

   rF+:       It protects you from fire.
 m - a +0 pair of gloves (worn)
 p - a +3 leather armour
 t - a scarf of repulsion (worn)
 u - a +0 leather armour of poison resistance (worn)
 v - a +3 ring mail
Jewellery
 a - a ring of ice
 f - an amulet of magic regeneration (around neck)
 s - a ring of wizardry (left hand)
Wands
 r - a wand of acid (8)
 x - a wand of digging (6)
 y - a wand of polymorph (11)
Scrolls
 i - a scroll of enchant weapon
 o - a scroll of fear
Potions
 b - a potion of magic
 c - 5 potions of curing
 d - a potion of resistance
 j - 2 potions of lignification
 k - 2 potions of mutation
 n - a potion of invisibility
 w - a potion of brilliance


   Skills:
 + Level 3.5 Fighting
 + Level 3.5 Armour
 + Level 6.1 Dodging
 - Level 6.0 Stealth
 + Level 6.8 Spellcasting
 + Level 4.5 Conjurations
 - Level 2.0 Transmutations
 + Level 6.0 Earth Magic


You had 9 spell levels left.
You knew the following spells:

 Your Spells              Type           Power      Damage    Failure   Level
a - Sandblast             Erth           70%        2d15      1%          1
b - Passwall              Tmut/Erth      21%        N/A       1%          2
c - Stone Arrow           Conj/Erth      64%        3d11      1%          3
d - Brom's Barrelling Bo  Conj/Erth      32%        2d5       5%          4
e - Searing Ray           Conj           56%        2d6       1%          2

Your spell library contained the following spells:

 Spells                   Type           Power      Damage    Failure   Level
 Foxfire                  Conj/Fire      72%        2x1d7     1%          1
 Magic Dart               Conj           100%       1d8       1%          1
 Shock                    Conj/Air       72%        1d7       1%          1
 Necrotise                Necr           28%        1d5       4%          1
 Slow                     Hex            28%        N/A       4%          1
 Petrify                  Tmut/Erth      26%        N/A       9%          4
 Confusing Touch          Hex            7%         N/A       14%         3
 Sigil of Binding         Hex            7%         N/A       14%         3
 Swiftness                Air            7%         N/A       14%         3
 Vampiric Draining        Necr           7%         2d6       14%         3
 Fulminant Prism          Conj/Hex       9%         3d7       17%         4
 Airstrike                Air            3%         2d(1-17)  41%         4
 Agony                    Necr           7%         N/A       75%         5
 Conjure Ball Lightning   Conj/Air       9%         3x3d6     93%         6
 Discord                  Hex            3%         N/A       100%        8
 Disjunction              Tloc           3%         N/A       100%        8


Dungeon Overview and Level Annotations

Branches:
Dungeon (7/15)             Temple (1/1) D:6          Bailey (1/1)

Altars:
Ashenzari
Cheibriados
Elyvilon
Fedhas
Gozag
Hepliaklqana
Kikubaaqudgha
Makhleb
Nemelex Xobeh
Okawaru
Qazlal
Ru
Trog
Uskayaw
Vehumet
Wu Jian
Xom
Yredelemnul
Zin
The Shining One


Message History

Casting: Stone Arrow (safe; 1% risk of failure)
Confirm with . or Enter, or press ? or * to list all spells.
Aiming: Stone Arrow (safe; 1% risk of failure)
Press: ? - help, Shift-Dir - straight line, f/p - orc warrior
Aim: an orc warrior, wielding a +0 trident and wearing a +0 plate armour (heavily wounded, 74% to hit)
The stone arrow hits the orc warrior!
The orc warrior is almost dead.
The orc warrior hits you from afar with a +0 trident.
The orc warrior misses you.
Casting: Stone Arrow (safe; 1% risk of failure)
Confirm with . or Enter, or press ? or * to list all spells.
Aiming: Stone Arrow (safe; 1% risk of failure)
Press: ? - help, Shift-Dir - straight line, f/p - orc warrior
Aim: an orc warrior, wielding a +0 trident and wearing a +0 plate armour (almost dead, 74% to hit)
The stone arrow hits the orc warrior!!
You kill the orc warrior!
Vehumet accepts your kill.
You feel your power returning.
The orc warrior hits you from afar with a +0 glaive!
An orc knight comes into view. It is wielding a +0 trident.
Your Earth Magic skill increases to level 6!
Casting: Stone Arrow (safe; 1% risk of failure)
Confirm with . or Enter, or press ? or * to list all spells.
Aiming: Stone Arrow (safe; 1% risk of failure)
Press: ? - help, Shift-Dir - straight line, f - orc warrior
Aim: an orc warrior, wielding a +0 spear and wearing a +0 scale mail (67% to hit)
The stone arrow hits the orc warrior!
The orc warrior is heavily wounded.
The orc knight shouts!
The orc warrior closely misses you.
The orc warrior hits you from afar with a +0 spear.
* * * LOW HITPOINT WARNING * * *
The orc warrior hits you from afar with a +0 glaive!
* * * LOW HITPOINT WARNING * * *
Okay, then.
There are monsters nearby!
The orc warrior hits you from afar with a +0 spear.
* * * LOW HITPOINT WARNING * * *
The orc warrior hits you with a +0 glaive!
You die...

#8.#...######.........♣
#..#...............∩..♣
#..'..................♣
#.oo..)...............♣
#..#...o..o)o......∩..♣
#8.#...######.........♣
#..#....≈≈≈≈oo♣......♣♣
oo.##...≈≈≈≈o.♣♣...♣♣♣
oo...#..o≈≈≈≈.@...###
####. #..≈≈≈≈≈..####
#..≈≈≈≈...# .≈≈≈≈≈..♣#
≈≈≈≈≈..♣♣ ≈≈≈≈♣♣♣ ≈≈≈≈
###


You could see an orc knight, 3 orc warriors and an orc.

Vanquished Creatures
  Edmund (D:5)
  Duvessa (D:4)
  2 ice beasts
  3 orc warriors (Bailey)
  2 centaurs
  A phantom (D:5)
  A gnoll sergeant (D:7)
  A scorpion (D:6)
  5 wights (D:6)
  Dowan (D:4)
  An orc priest (D:6)
  2 jellies
  2 gnoll boudas (D:5)
  5 hounds
  2 iguanas (D:6)
  Natasha (thrice) (D:2)
  An orc wizard (D:4)
  8 adders
  20 gnolls
  4 ufetubi (D:6)
  2 worms
  33 orcs
  9 endoplasms
  3 giant cockroaches
  15 goblins
  7 hobgoblins
  2 quokkas
  4 ball pythons
  3 bats
  4 frilled lizards
  10 kobolds
  5 rats
163 creatures vanquished.

Notes
Turn   | Place    | Note
-------+----------+-------------------------------------------
     0 | D:1      | voltaire321 the Deep Elf Earth Elementalist began the quest
                  | for the Orb.
     0 | D:1      | Reached XP level 1. HP: 10/10 MP: 6/6
   164 | D:1      | Reached XP level 2. HP: 15/15 MP: 2/8
   345 | D:1      | Found a faded altar of an unknown god.
   897 | D:2      | Noticed Natasha
   917 | D:2      | Killed Natasha
   918 | D:2      | Reached XP level 3. HP: 16/19 MP: 10/10
  1028 | D:2      | Learned a level 2 spell: Passwall
  1032 | D:2      | Learned a level 3 spell: Stone Arrow
  1068 | D:2      | Noticed Natasha
  1071 | D:2      | Killed Natasha
  1072 | D:2      | Reached XP level 4. HP: 24/24 MP: 11/11
  1117 | D:2      | Noticed Natasha
  1122 | D:2      | Killed Natasha
  1678 | D:3      | Reached XP level 5. HP: 28/28 MP: 10/12
  1700 | D:3      | Learned a level 4 spell: Brom's Barrelling Boulder
  1888 | D:3      | Reached skill level 1 in Conjurations
  1892 | D:3      | Reached skill level 1 in Fighting
  1946 | D:3      | Reached skill level 1 in Armour
  2196 | D:4      | Found a basalt altar of Yredelemnul.
  2235 | D:4      | Reached XP level 6. HP: 34/34 MP: 14/14
  2242 | D:4      | Found a broken altar of Ashenzari.
  2577 | D:4      | Noticed Dowan
  2579 | D:4      | Noticed Duvessa
  2590 | D:4      | Killed Duvessa
  2593 | D:4      | Killed Dowan
  2983 | D:5      | Entered Level 5 of the Dungeon
  3122 | D:5      | Found an iron altar of Okawaru.
  3152 | D:5      | Reached XP level 7. HP: 24/39 MP: 14/16
  3228 | D:5      | HP: 1/39 [gnoll bouda/+0 whip (8)]
  3383 | D:5      | Reached skill level 5 in Spellcasting
  3762 | D:5      | Noticed Edmund
  3768 | D:5      | Killed Edmund
  3769 | D:5      | Reached skill level 5 in Stealth
  3861 | D:5      | Reached skill level 5 in Earth Magic
  3893 | D:5      | Found a white marble altar of Elyvilon.
  3905 | D:5      | Reached XP level 8. HP: 43/45 MP: 16/18
  3906 | D:5      | Reached skill level 5 in Dodging
  4252 | D:6      | Identified a scroll of acquirement
  4252 | D:6      | Acquired the +1 pair of boots of Decompression {rF+}
  4367 | D:6      | Found a shimmering altar of Xom.
  4472 | D:6      | Found a burning altar of Makhleb.
  4605 | D:6      | Found a staircase to the Ecumenical Temple.
  4614 | Temple   | Entered the Ecumenical Temple
  4670 | Temple   | Became a worshipper of Vehumet
  5211 | D:6      | Identified the +5 scale mail "Lylucasu" {rC+}
  5668 | D:6      | Learned a level 2 spell: Searing Ray
  5861 | D:7      | Reached * piety under Vehumet
  5861 | D:7      | Offered knowledge of Foxfire by Vehumet.
  5864 | D:7      | Found a flagged portal.
  5872 | Bailey   | Entered a bailey
  5987 | Bailey   | Reached XP level 9. HP: 51/51 MP: 14/20
  6059 | Bailey   | Noticed an orc knight
  6065 | Bailey   | Mangled by an orc warrior

Illustrated notes

Levels and vault maps discovered:
D:1:      saegor_arrival_fortress, layout_rooms, ebering_ecumenical_altar_mist
D:2:      layout_basic, uniq_natasha
D:3:      layout_basic
D:4:      layout_cave_pools, mainiacjoe_overflow_paths, old_standard_altar,
          serial_column_ruins, column_ruins_circle_small,
          column_ruins_open_medium, column_ruins_grid_1, column_ruins_grid_1,
          minivault_11, kennysheep_crisscross, supply_closet_lemuel,
          uniq_duvessa
D:5:      layout_loops_ring, mainiacjoe_overflow_alcove_4, okawaru_trees_1,
          uniq_edmund
D:6:      layout_layer_cave, mainiacjoe_overflow_alcove_1,
          mainiacjoe_overflow_boulevard, minmay_temple_entry_waves,
          kennysheep_generic_room_8
D:7:      layout_basic, enter_bailey_5
Temple:   jpeg_temple_clearing
Bailey:   bailey_polearm_elven_captive_hellmonk, bailey

Skill      XL: |  1  2  3  4  5  6  7  8  9 |
---------------+----------------------------+-----
Dodging        | 3 4 6 |  6.1
Stealth        | 3 4 5 6 |  6.0
Transmutations | 2 |  2.0
Spellcasting   | 4 5 6 |  6.8
Conjurations   | 1 2 3 4 |  4.5
Fighting       | 1 2 3 |  3.5
Earth Magic    | 4 5 6 |  6.0
Armour         | 1 2 3 |  3.5

Action                     |  1- 3 |  4- 6 |  7- 9 || total
---------------------------+-------+-------+-------++-------
  Melee: Whip              |       |    23 |    24 ||    47
   Cast: Sandblast         |    33 |   118 |    91 ||   242
         Stone Arrow       |       |       |    37 ||    37
    Use: Potion            |       |       |     3 ||     3
         Scroll            |       |       |    12 ||    12
 Armour: Robe              |     4 |     1 |       ||     5
         Leather armour    |       |    46 |    73 ||   119
  Dodge: Dodged            |     6 |    37 |    78 ||   121

Table legend: (Time is in decaauts)
 A = Elapsed time spent in this place.
 B = Non-inter-level travel time spent in this place.
 C = Inter-level travel time spent in this place.
 D = Time resting spent in this place.
 E = Time spent auto-exploring this place.
 F = Levels seen in this place.
 G = Mean time per level.
                   A        B        C        D        E       F      G
               +--------+--------+--------+--------+--------+-----+--------+
         Total |   6195 |   5857 |    338 |    952 |   3431 |   9 |  688.3 |
       Dungeon |   5929 |   5660 |    269 |    834 |   3423 |   7 |  847.0 |
        Temple |     71 |      2 |     69 |      0 |      0 |   1 |   71.0 |
        Bailey |    194 |    194 |      0 |    118 |      8 |   1 |  194.0 |
               +--------+--------+--------+--------+--------+-----+--------+

Top non-repeatable levels by time:
     D:6: 1367 daAuts
     D:5: 1286 daAuts
     D:1: 885 daAuts
     D:4: 829 daAuts
     D:2: 721 daAuts
     D:3: 626 daAuts
     D:7: 212 daAuts
  Bailey: 194 daAuts
  Temple: 71 daAuts
